 Dungeon Crawl Stone Soup version 0.26.1-11-gd32895ea62 (webtiles) character file.

Game seed: 3751768024909352580

4984 diana the Skirmisher (level 10, -6/80 HPs)
             Began as a Demonspawn Gladiator on Apr 16, 2021.
             Was a Follower of Vehumet.
             Killed by divine providence
             ... invoked by an orc priest
              (11 damage)
             ... on level 10 of the Dungeon.
             The game lasted 00:22:49 (14605 turns).

diana the Skirmisher (Demonspawn Gladiator)        Turns: 14605, Time: 00:22:50

Health: -6/80      AC:  8    Str: 12    XL:     10   Next: 29%
Magic:  0/18       EV: 19    Int: 16    God:    Vehumet [*.....]
Gold:   569        SH:  0    Dex: 24    Spells: 14/20 levels left

rFire    + . .     SeeInvis .   a - +0 quarterstaff
rCold    + . .     Faith    .   (shield currently unavailable)
rNeg     + . .     Spirit   +   H - +0 robe "Igil" {rPois rN+ Str-3 Dex+10} (curse)
rPois    +         Reflect  .   m - +2 helmet {Int+3}
rElec    .         Harm     .   q - +0 cloak
rCorr    .         Rampage  .   h - +0 pair of gloves
Will     .....                  B - +0 pair of boots
Stlth    ++........             D - amulet of the acrobat
HPRegen  0.23/turn              f - ring of ice
MPRegen  0.16/turn              M - ring of protection from fire

@: no status effects
A: claws 1, fire resistance 1, magic shield, flame cloud immunity
a: Renounce Religion


You were on level 10 of the Dungeon.
You worshipped Vehumet.
Vehumet was aware of your devotion.
You visited 2 branches of the dungeon, and saw 11 of its levels.
You also visited: Sewer and Ossuary.

You collected 569 gold pieces.

Inventory:

Hand Weapons
 a - a +0 quarterstaff (weapon)
Missiles
 d - 5 throwing nets (quivered)
Armour
 b - a +0 leather armour
 h - a +0 pair of gloves (worn)
 m - a +2 helmet of intelligence (worn)
 q - a +0 cloak (worn)
 B - a +0 pair of boots (worn)
 H - the cursed +0 robe "Igil" (worn) {rPois rN+ Str-3 Dex+10}
   (You found it on level 7 of the Dungeon)

   It affects your strength (-3).
   It affects your dexterity (+10).
   It protects you from poison.
   It protects you from negative energy.
   It has a curse placed upon it.
Jewellery
 f - a ring of ice (left hand)
 D - an amulet of the acrobat (around neck)
 M - a ring of protection from fire (right hand)
 Q - an uncursed ring of positive energy
Wands
 A - a wand of flame (22)
 E - a wand of random effects (15)
 G - a wand of acid (7)
 N - a wand of enslavement (6)
Scrolls
 c - a scroll of random uselessness {unknown}
 e - 3 scrolls of immolation {unknown}
 g - a scroll of enchant weapon {unknown}
 i - a scroll of fog
 j - 8 scrolls of magic mapping
 k - 9 scrolls of identify
 l - 2 scrolls of remove curse
 r - 6 scrolls of teleportation
 t - 3 scrolls of fear {unknown}
 w - a scroll of noise {unknown}
 y - 4 scrolls of blinking {unknown}
 F - a scroll of holy word {unknown}
 L - a scroll of vulnerability {unknown}
 P - 2 scrolls of amnesia {unknown}
Potions
 n - 4 potions of degeneration {unknown}
 o - 5 potions of curing
 p - 2 potions of heal wounds
 s - a potion of might {unknown}
 u - 4 potions of brilliance {unknown}
 v - a potion of cancellation {unknown}
 x - 3 potions of lignification {unknown}
 z - a potion of mutation {unknown}
 C - 3 potions of flight {unknown}
 I - a potion of magic
 J - 2 potions of haste {unknown}
 K - 2 potions of berserk rage {unknown}
 O - 2 potions of attraction {unknown}


   Skills:
 - Level 7.7 Fighting
 + Level 7.5 Staves
 - Level 1.7 Throwing
 - Level 2.0 Armour
 + Level 7.4 Dodging
 + Level 5.8 Spellcasting
 + Level 3.4 Conjurations


You had 14 spell levels left.
You knew the following spells:

 Your Spells              Type           Power        Failure   Level
a - Conjure Flame         Conj/Fire      10%          21%         3
b - Mephitic Cloud        Conj/Pois/Air  8%           26%         3

Your spell library contained the following spells:

 Spells                   Type           Power        Failure   Level
 Freeze                   Ice            28%          14%         1
 Magic Dart               Conj           60%          3%          1
 Animate Skeleton         Necr           8%           14%         1
 Apportation              Tloc           8%           14%         1
 Corona                   Hex            4%           14%         1
 Summon Small Mammal      Summ           16%          14%         1
 Blink                    Tloc           N/A          22%         2
 Call Imp                 Summ           4%           22%         2
 Slow                     Hex            4%           22%         2


Dungeon Overview and Level Annotations

Branches:
Dungeon (10/15)            Temple (1/1) D:4           Sewer (visited)
Ossuary (visited)
   Lair: D:8-11         Orc: D:9-12

Altars:
Ashenzari
Cheibriados
Dithmenos
Elyvilon
Fedhas
Gozag
Hepliaklqana
Kikubaaqudgha
Makhleb
Nemelex Xobeh
Okawaru
Qazlal
Ru
Sif Muna
Trog
Uskayaw
Vehumet
Wu Jian
Xom
Yredelemnul
Zin
The Shining One

Shops:
D:5 *

Annotations:
D:5 2 runed translucent doors, Darold's ghost, novice OgGl


Innate Abilities, Weirdness & Mutations

You have sharp fingernails.
Your flesh is heat resistant. (rF+)
When hurt, damage is shared between your health and your magic reserves.
You are immune to clouds of flame.


Message History

The orc warrior is heavily wounded.
The orc priest mumbles some strange prayers to Beogh against you.
Beogh smites you! The orc warrior completely misses you.
You hit the orc warrior.
The orc warrior is heavily wounded.
Aiming: Enslavement
Press: ? - help, Shift-Dir - straight line, f - orc warrior
Aim: an orc warrior, wielding a +0 war axe and wearing a +0 plate armour (heavily wounded, chance to affect: 46%)
The orc warrior resists with some effort.
The orc warrior misses you.
The orc wizard casts a cantrip, but nothing happens.
Aiming: Enslavement
Press: ? - help, Shift-Dir - straight line, f/p - orc warrior
Aim: an orc warrior, wielding a +0 war axe and wearing a +0 plate armour (heavily wounded, chance to affect: 46%)
The orc warrior resists with some effort.
The orc warrior hits you with a +0 war axe!!
* * * LOW HITPOINT WARNING * * *
The orc priest invokes the aid of Beogh against you.
Beogh smites you!
You die...

#.............. .#
#.............. ..
#..)...o.......
#.####.))..o........
#.#()).[.).(........
#.######.....#.....#
#$ ##)..#.#######
#.#####..#....######
#..@ooo.............
#####o.#####..###...
##.## ##.......#
###..# ##..##.>...
##...#####.......###
#..............###
##########....##
#....# #...##


You could see an orc warrior, an orc priest, an orc wizard and an orc.

Vanquished Creatures
  Joseph (D:7)
  Sigmund (D:2)
  A wraith (D:10)
  2 water moccasins
  Duvessa (D:4)
  A black bear (D:6)
  An ice beast (D:5)
  A sky beast (D:8)
  4 orc warriors
  A necrophage (D:9)
  An ogre (D:8)
  3 phantoms
  8 centaurs
  2 bullfrogs
  Dowan (D:4)
  2 water moccasin zombies (Ossuary)
  2 scorpions
  5 wights
  4 howler monkeys
  A quasit (D:9)
  6 orc priests
  A jelly (D:6)
  A centaur skeleton (D:5)
  5 hounds
  12 orc wizards
  10 worker ants
  3 big kobold zombies (Ossuary)
  A hound zombie (D:5)
  4 hound skeletons
  2 mummies (Ossuary)
  A worker ant zombie (D:6)
  7 gnolls (D:5)
  A river rat (Sewer)
  15 adders
  2 shadow imps
  A white imp (D:6)
  An ooze (D:4)
  An ufetubus (D:10)
  4 adder zombies (Ossuary)
  2 worms (D:2)
  A dart slug (D:3)
  4 leopard geckos
  44 orcs
  13 bats
  2 giant cockroaches
  8 goblins
  11 hobgoblins
  9 jackals
  14 kobolds
  10 quokkas
  9 ball pythons
  8 frilled lizards
  A gnoll zombie (Ossuary)
  3 hobgoblin zombies (Ossuary)
  A jackal zombie (D:8)
  4 kobold zombies (Ossuary)
  A leopard gecko zombie (D:5)
  7 orc zombies (Ossuary)
  12 rats
285 creatures vanquished.

Vanquished Creatures (collateral kills)
  2 orc priests (D:10)
2 creatures vanquished.

Grand Total: 287 creatures vanquished

Notes
Turn   | Place    | Note
-------+----------+-------------------------------------------
     0 | D:1      | diana the Demonspawn Gladiator began the quest for the Orb.
     0 | D:1      | Reached XP level 1. HP: 16/16 MP: 1/1
   253 | D:1      | Gained mutation: Your flesh is heat resistant. (rF+)
                  | [demonic ancestry]
   253 | D:1      | Reached XP level 2. HP: 21/22 MP: 2/2
  1248 | D:2      | Noticed Sigmund
  1257 | D:2      | Reached skill level 1 in Armour
  1257 | D:2      | Gained mutation: When hurt, damage is shared between your
                  | health and your magic reserves. [demonic ancestry]
  1257 | D:2      | Reached XP level 3. HP: 20/28 MP: 3/3
  1938 | D:2      | Found a shimmering blue altar of Sif Muna.
  2244 | D:2      | Gained mutation: You have sharp fingernails. [demonic
                  | ancestry]
  2244 | D:2      | Reached XP level 4. HP: 34/34 MP: 4/4
  2264 | D:2      | HP: 1/34 [something/magic dart (7)]
  2267 | D:2      | Killed Sigmund
  2268 | D:2      | Reached XP level 5. HP: 2/42 MP: 5/5
  2847 | D:3      | Noticed a centaur
  2863 | D:3      | Killed a centaur
  2864 | D:3      | Reached XP level 6. HP: 16/48 MP: 3/6
  3790 | D:3      | Found a snail-covered altar of Cheibriados.
  4103 | D:4      | Reached XP level 7. HP: 53/55 MP: 5/7
  4356 | D:4      | Found a staircase to the Ecumenical Temple.
  4401 | D:4      | Reached skill level 1 in Spellcasting
  4476 | D:4      | Reached skill level 5 in Fighting
  4665 | D:4      | Noticed Dowan
  4666 | D:4      | Noticed Duvessa
  4691 | D:4      | Killed Duvessa
  4695 | D:4      | Killed Dowan
  4696 | D:4      | Reached skill level 5 in Staves
  5211 | Temple   | Entered the Ecumenical Temple
  5596 | D:4      | Reached skill level 5 in Dodging
  5685 | D:4      | Found an iron altar of Okawaru.
  5813 | D:5      | Entered Level 5 of the Dungeon
  5835 | D:5      | Gained mutation: You are immune to clouds of flame.
                  | [demonic ancestry]
  5835 | D:5      | Reached XP level 8. HP: 52/63 MP: 8/11
  5895 | D:5      | Found a runed translucent door.
  5896 | D:5      | Noticed Darold's ghost (novice OgGl)
  6170 | D:5      | Found a glowing drain.
  6180 | Sewer    | Entered a sewer
  6920 | D:5      | Found Muempoup's Serpentskin Sales.
  7725 | D:5      | Found a runed translucent door.
  8706 | D:6      | Found a hazy altar of Hepliaklqana.
  8739 | D:6      | Learned a level 3 spell: Conjure Flame
  8899 | D:5      | Reached XP level 9. HP: 47/71 MP: 10/14
  9531 | D:6      | Noticed a troll
 10687 | D:7      | Noticed Joseph
 10722 | D:7      | Killed Joseph
 11101 | D:7      | Got a tattered robe
 11112 | D:7      | Identified the cursed +0 robe "Igil" {rPois rN+ Str-3
                  | Dex+10} (You found it on level 7 of the Dungeon)
 11182 | D:7      | Learned a level 3 spell: Mephitic Cloud
 11225 | D:8      | Found a sand-covered staircase.
 11236 | Ossuary  | Entered an ossuary
 11563 | D:8      | Reached skill level 1 in Conjurations
 11865 | D:7      | Reached skill level 5 in Spellcasting
 12017 | D:8      | Found a radiant altar of Vehumet.
 12055 | D:8      | Became a worshipper of Vehumet
 13024 | D:9      | Reached XP level 10. HP: 65/80 MP: 13/18
 13286 | D:9      | Found a burning altar of Makhleb.
 13823 | D:10     | Entered Level 10 of the Dungeon
 14021 | D:10     | HP: 2/80 [orc priest/divine providence (9)]
 14024 | D:10     | Reached * piety under Vehumet
 14024 | D:10     | Offered knowledge of Freeze by Vehumet.
 14605 | D:10     | Killed from afar by an orc priest

Illustrated notes

Levels and vault maps discovered:
D:1:      dpeg_arrival_pits, layout_loops_ring, serial_forest,
          infiniplex_forest_clump_small, infiniplex_forest_straight_3,
          infiniplex_forest_clump_diagonal, infiniplex_forest_straight_3,
          infiniplex_forest_clump_long, infiniplex_forest_zigzag_1,
          infiniplex_forest_lined_1, infiniplex_forest_clump_C,
          infiniplex_forest_side_room, infiniplex_forest_end_double
D:2:      layout_basic, general_overflow_altar, minmay_nonomino_d4, uniq_sigmund
D:3:      layout_basic, kennysheep_slug_shrine, minivault_24, st_stairs_14
D:4:      layout_loops_ring, minmay_temple_entry_sparse_star,
          okawaru_altar_gauntlet_db, uniq_duvessa
D:5:      corexii_shantytown, layout_cave_pods, ebering_ghost_sewer_f,
          portal_sewer_entry_b, guppyfry_shop_venom
D:6:      layout_basic, basic_altar, kb_lookout_dungeons_type
D:7:      layout_rooms, uniq_joseph
D:8:      layout_basic, fiery_altar_vehumet, enter_ossuary_3
D:9:      layout_rooms, makhleb_blood_cavern_becter
D:10:     layout_rooms, lair_entry_dummy
Temple:   dpeg_five_rooms_temple

Skill      XL: |  1  2  3  4  5  6  7  8  9 10 |
---------------+-------------------------------+-----
Staves         | 3 4 5 6 7 |  7.5
Armour         | 1 2 |  2.0
Dodging        | 3 4 5 6 7 |  7.4
Fighting       | 3 4 5 6 7 |  7.7
Spellcasting   | 2 3 5 |  5.8
Conjurations   | 2 3 |  3.4
Throwing       | |  1.7

Action                   |  1- 3 |  4- 6 |  7- 9 | 10-12 || total
-------------------------+-------+-------+-------+-------++-------
Melee: Quarterstaff      |   138 |   171 |   988 |   201 ||  1498
Throw: Throwing net      |       |       |     3 |       ||     3
Evoke: Wand              |       |       |     2 |     4 ||     6
  Use: Potion            |     1 |     3 |     2 |     2 ||     8
       Scroll            |       |     2 |     4 |     1 ||     7
 Stab: Invisible         |       |     1 |       |       ||     1
       Sleeping          |       |       |     3 |     1 ||     4
Armor: Leather armour    |    47 |    55 |   217 |       ||   319
       Robe              |       |       |    53 |    34 ||    87
Dodge: Dodged            |   129 |   125 |   839 |   207 ||  1300
